 Dungeon Crawl Stone Soup version 0.28.0 (webtiles) character file.

Game seed: 16712574381578212209

1138 Strat the Cutter (level 8, -2/46 HPs)
             Began as a Tengu Enchanter on Feb 5, 2022.
             Slain by a steam dragon (6 damage)
             ... on level 6 of the Dungeon.
             The game lasted 00:17:34 (8974 turns).

Strat the Cutter (Tengu Enchanter)                  Turns: 8974, Time: 00:17:35

Health: -2/46      AC:  4    Str:  9    XL:     8   Next: 37%
Magic:  4/12       EV: 16    Int: 16    God:
Gold:   267        SH:  0    Dex: 16    Spells: 3/11 levels left

rFire   . . .      SeeInvis .   b - +5 short sword
rCold   . . .      Faith    .   (no shield)
rNeg    . . .      Spirit   .   g - +1 robe
rPois   +          Reflect  .   (helmet restricted)
rElec   .          Harm     .   o - +0 cloak
rCorr   .          Rampage  .   (no gloves)
Will    .....                   (boots unavailable)
Stlth   +++.......              (no amulet)
HPRegen 0.15/turn               h - ring of poison resistance
MPRegen 0.13/turn               (no ring)

@: brilliant, flying quickly and evasively, quick
A: beak, talons 3, nimble flight
a: no special abilities


You were on level 6 of the Dungeon.
You visited 1 branch of the dungeon, and saw 6 of its levels.

You collected 267 gold pieces.

Inventory:

Hand Weapons
 a - a +1 dagger
 b - a +5 short sword (weapon)
 r - a +0 great sword of holy wrath
Missiles
 i - 158 stones (quivered)
 k - 5 atropa-tipped darts
 t - 6 poisoned darts
Armour
 g - a +1 robe (worn)
 j - a +0 buckler
 o - a +0 cloak (worn)
Jewellery
 h - a ring of poison resistance (left hand)
Scrolls
 c - a scroll of enchant armour
 d - 4 scrolls of teleportation
 l - a scroll of magic mapping
 s - a scroll of blinking {unknown}
Potions
 e - 2 potions of haste
 f - a potion of lignification {unknown}
 m - a potion of resistance {unknown}
 n - a potion of brilliance
 p - a potion of heal wounds {unknown}
 q - a potion of ambrosia {unknown}


   Skills:
 + Level 3.0 Fighting
 * Level 7.5 Short Blades
 + Level 4.2 Dodging
 - Level 6.1 Stealth
 - Level 2.0 Spellcasting
 - Level 2.1 Hexes


You had 3 spell levels left.
You knew the following spells:

 Your Spells              Type           Power      Damage    Failure   Level
a - Ensorcelled Hibernat  Hex/Ice        14%        N/A       21%         2
b - Confusing Touch       Hex            12%        N/A       26%         3
c - Tukima's Dance        Hex            12%        N/A       26%         3

Your spell library contained the following spells:

 Spells                   Type           Power      Damage    Failure   Level
 Dazzling Flash           Conj/Hex       14%        N/A       36%         3


Dungeon Overview and Level Annotations

Branches:
Dungeon (6/15)
 Temple: D:4-7

Altars:


Innate Abilities, Weirdness & Mutations

You have a beak for a mouth.
You have claws for feet.
Your magical nature lets you fly swiftly and evasively.


Message History

Press: ? - help, Shift-Dir - straight line, f/p - steam dragon
Aim: a steam dragon (lightly wounded, chance to affect: 38%)
The steam dragon easily resists.
The steam dragon completely misses you. The steam dragon closely misses you.
Casting: Ensorcelled Hibernation (safe; 21% risk of failure)
Confirm with . or Enter, or press ? or * to list all spells.
Aiming: Ensorcelled Hibernation (safe; 21% risk of failure)
Press: ? - help, Shift-Dir - straight line, f/p - steam dragon
Aim: a steam dragon (lightly wounded, chance to affect: 38%)
The steam dragon easily resists.
The steam dragon breathes steam at you. The ball of steam hits you!!
* * * LOW HITPOINT WARNING * * *
The steam dragon bites you.
* * * LOW HITPOINT WARNING * * *
The steam dragon claws you.
* * * LOW HITPOINT WARNING * * *
The orc is engulfed in a cloud of scalding steam.
The orc dies!
Casting: Ensorcelled Hibernation (safe; 21% risk of failure)
Confirm with . or Enter, or press ? or * to list all spells.
Aiming: Ensorcelled Hibernation (safe; 21% risk of failure)
Press: ? - help, Shift-Dir - straight line, f/p - steam dragon
Aim: a steam dragon (lightly wounded, chance to affect: 38%)
The steam dragon easily resists.
The steam dragon breathes steam at you. The ball of steam hits you!!
* * * LOW HITPOINT WARNING * * *
It was a potion of brilliance.
You feel clever all of a sudden. The steam dragon barely misses you. x2
Casting: Ensorcelled Hibernation (safe; 21% risk of failure)
Confirm with . or Enter, or press ? or * to list all spells.
Aiming: Ensorcelled Hibernation (safe; 21% risk of failure)
Press: ? - help, Shift-Dir - straight line, f/p - steam dragon
Aim: a steam dragon (lightly wounded, chance to affect: 40%)
You feel a surge of power!
The steam dragon resists with some effort.
The steam dragon bites you.
You die...

.o.......##....
####..##..# .#.#.....#
#... #.........#
...#....## #....
##.#........
..#...##... #...
##........... .......
...##...
##..#.........
.##.......###..
#..##.........
.##......####..
##.###.........
........####.§#####..#
#......<.. . ......
#....D@...##
##........ .
#§§..§§..## ##......(.
. #....).....#
#......... .
#..........#
#.>....... .
#..........#
#.........
#..........#
#.........
...##.......#
#......... ..#.
#.......# ##........
.#. #########
##......#


You could see a steam dragon.

Vanquished Creatures
  An orc warrior (D:5)
  An ogre (D:4)
  A centaur (D:6)
  A scorpion (D:5)
  A water moccasin skeleton (D:5)
  A jelly (D:5)
  2 orc priests (D:5)
  2 bullfrog zombies
  A gnoll shaman (D:4)
  A bullfrog skeleton (D:5)
  Jessica (D:3)
  2 iguanas
  5 orc wizards
  2 hound skeletons (D:4)
  8 adders
  11 gnolls
  An ufetubus (D:4)
  2 worms
  4 dart slugs
  20 orcs
  7 endoplasms
  6 giant cockroaches
  8 hobgoblins
  14 jackals
  5 kobolds
  5 quokkas
  7 ball pythons
  5 bats
  3 frilled lizards
  9 goblins
  11 rats
148 creatures vanquished.

Vanquished Creatures (others)
  An orc (D:6)
  A plant (D:2)
2 creatures vanquished.

Grand Total: 150 creatures vanquished

Notes
Turn   | Place    | Note
-------+----------+-------------------------------------------
     0 | D:1      | Strat the Tengu Enchanter began the quest for the Orb.
     0 | D:1      | Reached XP level 1. HP: 10/10 MP: 4/4
   313 | D:1      | Found a faded altar of an unknown god.
   617 | D:1      | Reached XP level 2. HP: 15/15 MP: 6/6
   620 | D:1      | Learned a level 2 spell: Ensorcelled Hibernation
   943 | D:1      | Reached skill level 2 in Short Blades
  1445 | D:1      | Reached XP level 3. HP: 19/19 MP: 7/7
  2059 | D:1      | Reached XP level 4. HP: 19/24 MP: 5/8
  2064 | D:1      | Reached skill level 3 in Short Blades
  3595 | D:2      | Gained mutation: Your magical nature lets you fly swiftly
                  | and evasively. [Tengu growth]
  3595 | D:2      | Reached XP level 5. HP: 25/28 MP: 2/9
  3902 | D:3      | Noticed Jessica
  3906 | D:3      | Killed Jessica
  3907 | D:3      | Reached skill level 4 in Short Blades
  4074 | D:3      | Reached skill level 5 in Stealth
  4226 | D:3      | Identified the +2 ring mail "Uczamm" {rN+ rCorr Dex-4}
  4916 | D:4      | Reached XP level 6. HP: 31/32 MP: 10/10
  5660 | D:4      | Reached skill level 5 in Short Blades
  5856 | D:5      | Entered Level 5 of the Dungeon
  6193 | D:4      | Learned a level 3 spell: Confusing Touch
  6197 | D:4      | Learned a level 3 spell: Tukima's Dance
  6476 | D:4      | Reached XP level 7. HP: 36/36 MP: 11/11
  6639 | D:5      | Reached skill level 1 in Fighting
  6680 | D:5      | Reached skill level 6 in Short Blades
  8297 | D:5      | Reached XP level 8. HP: 44/44 MP: 12/12
  8555 | D:5      | Reached skill level 7 in Short Blades
  8974 | D:6      | Slain by a steam dragon

Illustrated notes

Levels and vault maps discovered:
D:1:      lightli_iron_boxes, layout_basic, chequers_ecumenical_altar_simple
D:2:      layout_rooms, serial_bayou_pond_b, minivault_5, st_stairs_4,
          amcnicky_mini_corridor_feature, guppyfry_early_orc_mine
D:3:      layout_loops_corners, minmay_misc_feat_nine_boxes, uniq_jessica
D:4:      layout_basic
D:5:      layout_layer_cave
D:6:      layout_rooms, minmay_temple_entry_waves

Skill      XL: |  1  2  3  4  5  6  7  8 |
---------------+-------------------------+-----
Short Blades   | 2 3 4 5 6 7 |  7.5
Stealth        | 4 5 6 |  6.1
Fighting       | 2 3 |  3.0
Dodging        | 3 4 |  4.2
Spellcasting   | |  2.0
Hexes          | |  2.1

Action                   |  1- 3 |  4- 6 |  7- 9 || total
-------------------------+-------+-------+-------++-------
Melee: Dagger            |   109 |     6 |       ||   115
       Peck              |    21 |    16 |    10 ||    47
       Kick              |    18 |    38 |    23 ||    79
       Punch             |     5 |     2 |     1 ||     8
       Short sword       |       |   158 |    94 ||   252
 Cast: Ensorcelled Hiber |     5 |    28 |    18 ||    51
  Use: Scroll            |     2 |     5 |     1 ||     8
       Potion            |       |       |     2 ||     2
 Stab: Sleeping          |    10 |    20 |     9 ||    39
       Invisible         |       |       |     3 ||     3
Armor: Robe              |    21 |    23 |     8 ||    52
Dodge: Dodged            |    71 |    97 |    81 ||   249
